Coyotes vs Avalanche (R1)

Created - May 20, 2019 at 21:40

Goals
1 2 3 T
Coyotes 2 0 3 5
Avalanche 0 0 2 2
Shots
1 2 3 T
Coyotes 10 14 8 32
Avalanche 8 4 12 24

1st period

1. Coyotes , Tyler Ennis 3 (Brad Richards 5) at 1:17 (PP)
2. Coyotes , Marek Svatos 1 (Nazem Kadri 2, Zach Parise 2) at 13:09

Penalties :
Bryan Little (Col) for Hooking (Minor) at 1:16, Valtteri Filppula (Ari) for Roughing (Minor) at 4:15, Zach Parise (Ari) for Holding (Minor) at 7:05, Erik Karlsson (Col) for Roughing (Double Minor) at 7:17, Mikkel Boedker (Col) for Holding (Minor) at 14:34, Bryan Little (Col) for High sticking (Minor) at 19:09

2nd period

No Goal

Penalties :
Pernell Karl Subban (Col) for Roughing (Double Minor) at 2:15, Michael Del Zotto (Ari) for Holding (Minor) at 4:11, Brooks Laich (Ari) for Interference (Minor) at 16:18

3rd period

3. Avalanche , Mikkel Boedker 7 (Patric Hornqvist 6) at 3:28
4. Coyotes , Marian Gaborik 3 (Brad Richards 6) at 6:00
5. Avalanche , Maxim Talbot 1 (Andrew Ladd 2, Jack Johnson 2) at 10:42
6. Coyotes , Chad Larose 1 (Martin Samuelsson 3, Greg Zanon 2) at 14:28
7. Coyotes , Chad Larose 2 (Kristopher Letang 4) at 17:04

Penalties :
Anton Stralman (Ari) for Hooking (Minor) at 5:51, Jack Johnson (Col) for Holding (Minor) at 5:55, Paul Stastny (Col) for Holding (Minor) at 11:56, Paul Stastny (Col) for Cross-checking (Minor) at 14:46, Andrew Ladd (Col) for Goalie Interference (Minor) at 17:58, Andrei Kostitsyn (Col) for Delaying the game (Minor) at 19:24

Goalie Stats

Maxime Daigneault (Ari), 22 saves from 24 shots - (0.917), W, 5-0-0, 60:00 minutes
Semyon Varlamov (Col), 27 saves from 32 shots - (0.844), L, 3-2-0, 60:00 minutes

Players Stats for Coyotes

Player Name              G  A  P  +/- PIM S  H  SB GA TA FO     MP     PP MP  PK MP  
------------------------------------------------------------------------------------
Alexander Sulzer         0  0  0   3  0   0  1  0  0  0  0/0    11:58   0:15   1:54 
Anton Stralman           0  0  0  -1  2   2  4  0  0  0  0/0    27:42   8:30   1:54 
Brad Richards            0  2  2  -1  0   3  1  1  0  0  18/38  23:15   7:21   1:02 
Brooks Laich             0  0  0   2  2   0  1  0  0  0  0/2     8:27   0:06   0:00 
Chad Larose              2  0  2   2  0   3  0  1  0  1  3/7    10:06   0:00   2:44 
Chris Stewart            0  0  0   0  0   1  0  0  0  0  0/0     6:51   0:00   0:00 
Greg Zanon               0  1  1   1  0   1  0  0  0  1  0/0    14:41   0:04   2:02 
Josh Gorges              0  0  0   0  0   2  0  1  1  0  0/0    20:18   5:44   2:02 
Kristopher Letang        0  1  1   0  0   0  2  1  0  1  0/0    29:07   8:15   0:18 
Marek Svatos             1  0  1   1  0   3  1  0  1  0  0/0    17:00   6:43   0:00 
Marian Gaborik           1  0  1  -1  0   3  0  0  3  2  1/2    22:14   7:24   0:00 
Martin Samuelsson        0  1  1   2  0   1  2  1  0  0  0/0    10:18   0:00   2:46 
Michael Del Zotto        0  0  0   1  2   2  1  1  1  0  0/0    16:37   5:43   0:18 
Nazem Kadri              0  1  1   1  0   4  1  0  0  0  10/16  19:10   6:50   0:00 
Ryane Clowe              0  0  0   0  0   0  2  0  1  0  0/0     7:04   0:00   0:28 
Tyler Ennis              1  0  1  -2  0   5  3  1  1  1  0/0    19:19   7:24   0:31 
Valtteri Filppula        0  0  0   0  2   0  2  0  1  0  1/2     6:26   0:00   0:00 
Zach Parise              0  1  1   1  2   2  2  0  1  0  0/0    19:27   6:50   0:57 

Players Stats for Avalanche

Player Name              G  A  P  +/- PIM S  H  SB GA TA FO     MP     PP MP  PK MP  
------------------------------------------------------------------------------------
Alexander Radulov        0  0  0  -3  0   1  3  1  0  0  0/2    13:14   1:44   0:05 
Andrei Kostitsyn         0  0  0  -3  2   4  1  0  0  0  0/1    15:23   1:44   1:39 
Andrew Ladd              0  1  1   1  2   1  0  1  0  0  6/11   16:45   0:00   7:05 
Bryan Little             0  0  0   0  4   1  1  0  0  1  18/34  22:16   2:30   3:55 
Chuck Kobasew            0  0  0   0  0   0  0  1  1  1  2/3    12:57   0:00   8:23 
Damien Brunner           0  0  0   1  0   2  0  0  0  0  1/1    11:04   0:00   2:33 
Dan Boyle                0  0  0  -1  0   1  2  0  0  1  0/0    13:03   1:40   0:53 
Erik Karlsson            0  0  0   0  4   2  0  0  1  0  0/0    17:56   2:33   0:00 
Jack Johnson             0  1  1   0  2   1  0  1  0  3  0/0    25:26   2:33   6:40 
Johnny Boychuk           0  0  0  -1  0   0  2  0  0  2  0/0    16:31   0:00   6:03 
Marc Staal               0  0  0  -1  0   2  1  2  1  1  0/0    23:51   0:00   8:07 
Mattias Ekholm           0  0  0   0  0   0  0  0  0  0  0/0     1:53   0:00   0:00 
Maxim Talbot             1  0  1   1  0   4  0  0  0  0  1/4    12:34   0:00   4:08 
Mikkel Boedker           1  0  1   0  2   2  0  0  2  0  0/0    18:24   2:30   0:00 
Patric Hornqvist         0  1  1   1  0   2  2  1  0  0  0/0    14:49   2:30   0:00 
Paul Stastny             0  0  0  -3  4   1  5  1  0  0  6/11   17:32   1:44   0:06 
Pernell Karl Subban      0  0  0  -1  4   0  3  0  1  1  0/0    21:35   1:40   6:45 
Ville Leino              0  0  0   0  0   0  0  0  0  0  0/0     4:09   0:00   0:00 

3 Stars

1 - Chad Larose (Ari)
2 - Marek Svatos (Ari)
3 - Martin Samuelsson (Ari)

Power Play

Coyotes - 1 on 12 Attempt(s) - 8.33%
Avalanche - 0 on 5 Attempt(s) - 0.00%

Penalty Kill

Coyotes - 5 on 5 Attempt(s) - 100.00% - Score 0 goal in Penalty Kill
Avalanche - 11 on 12 Attempt(s) - 91.67% - Score 0 goal in Penalty Kill

Team Stat

Coyotes - Hits : 23 - Faceoff Wins : 33 - Blocked Shots : 7 - Penalty Minutes : 10
Avalanche - Hits : 20 - Faceoff Wins : 34 - Blocked Shots : 8 - Penalty Minutes : 24

Official

Referees : Unknown
Linesman : Unknown

Game Notes

No Game Note

Finance

Level 1 -- Attendance: 6000 (100.00%) -- Ticket Income $534,000
Level 2 -- Attendance: 5000 (100.00%) -- Ticket Income $275,000
Level 3 -- Attendance: 2000 (100.00%) -- Ticket Income $66,000
Level 4 -- Attendance: 4000 (100.00%) -- Ticket Income $92,000
Luxury Box -- Attendance: 1000 (100.00%) -- Ticket Income $172,000
Game was played at the Pepsi Center.
Total Attendance: 18000 (100.00%)
Total Ticket Income: $1,139,000
Other Income: $170,850
Total Income: $1,309,850

Coyotes

5 vs 5 Forward 
   Center                   Left Wing                Right Wing               Time % Phy DF OF 
 1 Brad Richards            Tyler Ennis              Marian Gaborik           40     0   2  3  
 2 Nazem Kadri              Zach Parise              Marek Svatos             32     0   2  3  
 3 Brooks Laich             Martin Samuelsson        Chad Larose              16     0   2  3  
 4 Valtteri Filppula        Ryane Clowe              Chris Stewart            12     0   2  3  

5 vs 5 Defense 
   Defense                  Defense                                           Time % Phy DF OF 
 1 Kristopher Letang        Anton Stralman                                    40     0   3  2  
 2 Josh Gorges              Greg Zanon                                        30     0   3  2  
 3 Alexander Sulzer         Michael Del Zotto                                 25     0   3  2  
 4 Kristopher Letang        Michael Del Zotto                                 5      0   3  2  

PowerPlay Forward 
   Center                   Left Wing                Right Wing               Time % Phy DF OF 
 1 Brad Richards            Tyler Ennis              Marian Gaborik           60     0   1  4  
 2 Nazem Kadri              Zach Parise              Marek Svatos             40     0   1  4  

PowerPlay Defense
   Defense                  Defense                                           Time % Phy DF OF 
 1 Kristopher Letang        Anton Stralman                                    60     0   2  3  
 2 Josh Gorges              Michael Del Zotto                                 40     0   2  3  

Penalty Kill 4 Players Forward 
   Center                   Wing                     Time % Phy DF OF 
 1 Chad Larose              Martin Samuelsson        60     1   3  1  
 2 Brad Richards            Zach Parise              40     1   3  1  

Penalty Kill 4 Players Defense
   Defense                  Defense                  Time % Phy DF OF 
 1 Greg Zanon               Josh Gorges              60     1   4  0  
 2 Anton Stralman           Alexander Sulzer         40     1   4  0  

Penalty Kill - 3 Players Forward 
   Forward                                           Time % Phy DF OF 
 1 Brad Richards                                     60     1   3  1  
 2 Zach Parise                                       40     1   3  1  

Penalty Kill - 3 Players Defense
   Defense                  Defense                  Time % Phy DF OF 
 1 Alexander Sulzer         Anton Stralman           60     1   4  0  
 2 Josh Gorges              Greg Zanon               40     1   4  0  

4 vs 4 Forward 
   Center                   Wing                     Time % Phy DF OF 
 1 Brad Richards            Marian Gaborik           60     0   2  3  
 2 Nazem Kadri              Zach Parise              40     0   2  3  

4 vs 4 Defense
   Defense                  Defense                  Time % Phy DF OF 
 1 Kristopher Letang        Anton Stralman           60     0   3  2  
 2 Josh Gorges              Greg Zanon               40     0   3  2  

Last Minutes Offensive
   Center                   Left Wing                Right Wing               Defense                  Defense                  
   Brad Richards            Tyler Ennis              Marian Gaborik           Kristopher Letang        Anton Stralman           

Last Minutes Defensive
   Center                   Left Wing                Right Wing               Defense                  Defense                  
   Brad Richards            Zach Parise              Chad Larose              Greg Zanon               Anton Stralman           

Goaltenders
Starting : Maxime Daigneault        
Backup : Cam Ward                 

Extra Forwards
Normal : Brooks Laich, Chris Stewart, Ryane Clowe - PP : Brooks Laich, Chris Stewart - PK : Tyler Ennis
Extra Defensemen
Normal : Alexander Sulzer, Michael Del Zotto, Josh Gorges - PP : Alexander Sulzer - PK : Kristopher Letang, Michael Del Zotto
Penalty Shots
Marian Gaborik, Brad Richards, Tyler Ennis, Zach Parise, Nazem Kadri

Scratches
Thomas Hickey (Healthy)

Avalanche

5 vs 5 Forward 
   Center                   Left Wing                Right Wing               Time % Phy DF OF 
 1 Bryan Little             Mikkel Boedker           Patric Hornqvist         35     1   2  2  
 2 Paul Stastny             Andrei Kostitsyn         Alexander Radulov        30     1   2  2  
 3 Maxim Talbot             Andrew Ladd              Damien Brunner           25     1   2  2  
 4 Paul Stastny             Ville Leino              Chuck Kobasew            10     1   2  2  

5 vs 5 Defense 
   Defense                  Defense                                           Time % Phy DF OF 
 1 Erik Karlsson            Jack Johnson                                      35     1   2  2  
 2 Marc Staal               Pernell Karl Subban                               30     1   2  2  
 3 Johnny Boychuk           Dan Boyle                                         25     1   2  2  
 4 Marc Staal               Mattias Ekholm                                    10     1   2  2  

PowerPlay Forward 
   Center                   Left Wing                Right Wing               Time % Phy DF OF 
 1 Bryan Little             Mikkel Boedker           Patric Hornqvist         60     1   2  2  
 2 Paul Stastny             Andrei Kostitsyn         Alexander Radulov        40     1   2  2  

PowerPlay Defense
   Defense                  Defense                                           Time % Phy DF OF 
 1 Erik Karlsson            Jack Johnson                                      60     1   2  2  
 2 Pernell Karl Subban      Dan Boyle                                         40     1   2  2  

Penalty Kill 4 Players Forward 
   Center                   Wing                     Time % Phy DF OF 
 1 Andrew Ladd              Chuck Kobasew            60     1   2  2  
 2 Bryan Little             Maxim Talbot             40     1   2  2  

Penalty Kill 4 Players Defense
   Defense                  Defense                  Time % Phy DF OF 
 1 Pernell Karl Subban      Marc Staal               60     1   2  2  
 2 Jack Johnson             Johnny Boychuk           40     1   2  2  

Penalty Kill - 3 Players Forward 
   Forward                                           Time % Phy DF OF 
 1 Chuck Kobasew                                     60     1   2  2  
 2 Andrew Ladd                                       40     1   2  2  

Penalty Kill - 3 Players Defense
   Defense                  Defense                  Time % Phy DF OF 
 1 Marc Staal               Pernell Karl Subban      60     1   2  2  
 2 Jack Johnson             Johnny Boychuk           40     1   2  2  

4 vs 4 Forward 
   Center                   Wing                     Time % Phy DF OF 
 1 Bryan Little             Mikkel Boedker           60     1   2  2  
 2 Paul Stastny             Andrei Kostitsyn         40     1   2  2  

4 vs 4 Defense
   Defense                  Defense                  Time % Phy DF OF 
 1 Marc Staal               Pernell Karl Subban      60     1   2  2  
 2 Jack Johnson             Erik Karlsson            40     1   2  2  

Last Minutes Offensive
   Center                   Left Wing                Right Wing               Defense                  Defense                  
   Bryan Little             Mikkel Boedker           Alexander Radulov        Erik Karlsson            Jack Johnson             

Last Minutes Defensive
   Center                   Left Wing                Right Wing               Defense                  Defense                  
   Bryan Little             Andrew Ladd              Chuck Kobasew            Marc Staal               Jack Johnson             

Goaltenders
Starting : Semyon Varlamov          
Backup : Roberto Luongo           

Extra Forwards
Normal : Andrew Ladd, Alexander Radulov, Andrei Kostitsyn - PP : Andrew Ladd, Alexander Radulov - PK : Damien Brunner
Extra Defensemen
Normal : Marc Staal, Erik Karlsson, Pernell Karl Subban - PP : Pernell Karl Subban - PK : Jack Johnson, Pernell Karl Subban
Penalty Shots
Mikkel Boedker, Andrew Ladd, Paul Stastny, Bryan Little, Andrei Kostitsyn

Scratches
Kyle Turris (Healthy)

% Time on Ice - Coyotes

Lines # - Real PCT - Wanted PCT - Time Play
Normal Forward
1 - 32% - 40% - 11:34
2 - 30% - 32% - 10:38
3 - 21% - 16% - 7:22
4 - 18% - 12% - 6:17
Normal Defense
1 - 44% - 40% - 15:40
2 - 29% - 30% - 10:28
3 - 23% - 25% - 8:08
4 - 4% - 5% - 1:35
PP Forward
1 - 52% - 60% - 7:24
2 - 48% - 40% - 6:50
PP Defense
1 - 60% - 60% - 8:30
2 - 40% - 40% - 5:44
PK Forward
1 - 78% - 60% - 3:17
2 - 22% - 40% - 0:57
PK Defense
1 - 55% - 60% - 2:20
2 - 45% - 40% - 1:54
PK3 Forward
1 - 0% - 60%
2 - 0% - 40%
PK3 Defense
1 - 0% - 60%
2 - 0% - 40%
44 Forward
1 - 70% - 60% - 3:59
2 - 30% - 40% - 1:42
44 Defense
1 - 63% - 60% - 3:36
2 - 37% - 40% - 2:05
Last Minute Offensive  - 0:00
Last Minute Defensive  - 0:00
Total
Forward - 60:00
Defense - 60:00

% Time on Ice - Avalanche

Lines # - Real PCT - Wanted PCT - Time Play
Normal Forward
1 - 36% - 35% - 12:52
2 - 29% - 30% - 10:27
3 - 23% - 25% - 8:23
4 - 12% - 10% - 4:09
Normal Defense
1 - 42% - 35% - 14:56
2 - 28% - 30% - 10:09
3 - 25% - 25% - 8:53
4 - 5% - 10% - 1:53
PP Forward
1 - 59% - 60% - 2:30
2 - 41% - 40% - 1:44
PP Defense
1 - 61% - 60% - 2:34
2 - 39% - 40% - 1:40
PK Forward
1 - 70% - 60% - 9:36
2 - 30% - 40% - 4:05
PK Defense
1 - 55% - 60% - 7:35
2 - 45% - 40% - 6:06
PK3 Forward
1 - 88% - 60% - 0:29
2 - 12% - 40% - 0:04
PK3 Defense
1 - 100% - 60% - 0:33
2 - 0% - 40% - 0:00
44 Forward
1 - 74% - 60% - 4:13
2 - 26% - 40% - 1:28
44 Defense
1 - 67% - 60% - 3:49
2 - 33% - 40% - 1:52
Last Minute Offensive  - 0:00
Last Minute Defensive  - 0:00
Total
Forward - 60:00
Defense - 60:00

Play-by-Play

1st period


0:01 of 1st period - Brad Richards wins face-off versus Bryan Little in neutral zone.
0:11 of 1st period - Tyler Ennis is hit by Bryan Little and loses puck.
0:26 of 1st period - Alexander Radulov is hit by Marek Svatos.
0:38 of 1st period - Wrist shot by Nazem Kadri.
0:38 of 1st period - Shot Misses the Net.
0:58 of 1st period - Snap shot by Damien Brunner.
0:58 of 1st period - Stopped by Maxime Daigneault without a rebound.
0:59 of 1st period - Bryan Little wins face-off versus Valtteri Filppula in Coyotes zone.
1:00 of 1st period - Snap shot by Patric Hornqvist.
1:00 of 1st period - Shot Blocked by Michael Del Zotto.
1:16 of 1st period - Minor Penalty to Bryan Little for Hooking.
1:17 of 1st period - Brad Richards wins face-off versus Andrew Ladd in Avalanche zone.
1:17 of 1st period - Slapshot by Tyler Ennis.
1:17 of 1st period - Goal by Tyler Ennis - Coyotes : 1 - Avalanche : 0.
1:18 of 1st period - Brad Richards wins face-off versus Paul Stastny in neutral zone.
1:28 of 1st period - Off-side.
1:29 of 1st period - Nazem Kadri wins face-off versus Maxim Talbot in neutral zone.
1:40 of 1st period - Backhand shot by Marek Svatos.
1:40 of 1st period - Stopped by Semyon Varlamov with a rebound.
2:01 of 1st period - Wrist shot by Andrei Kostitsyn.
2:01 of 1st period - Shot Misses the Net.
2:03 of 1st period - Backhand shot by Marc Staal.
2:03 of 1st period - Shot Misses the Net.
2:05 of 1st period - Snap shot by Andrei Kostitsyn.
2:05 of 1st period - Shot Blocked by Kristopher Letang.
2:15 of 1st period - Bryan Little is hit by Kristopher Letang and loses puck.
2:26 of 1st period - Slapshot by Michael Del Zotto.
2:26 of 1st period - Shot Blocked by Patric Hornqvist.
2:40 of 1st period - Maxim Talbot is hit by Valtteri Filppula and loses puck.
3:13 of 1st period - Snap shot by Tyler Ennis.
3:13 of 1st period - Shot Misses the Net.
3:15 of 1st period - Snap shot by Brad Richards.
3:15 of 1st period - Shot Misses the Net.
4:15 of 1st period - Minor Penalty to Valtteri Filppula for Roughing.
4:16 of 1st period - Bryan Little wins face-off versus Chad Larose in Coyotes zone.
4:19 of 1st period - Wrist shot by Patric Hornqvist.
4:19 of 1st period - Stopped by Maxime Daigneault without a rebound.
4:20 of 1st period - Bryan Little wins face-off versus Chad Larose in Coyotes zone.
4:25 of 1st period - Wrist shot by Bryan Little.
4:25 of 1st period - Shot Misses the Net.
4:27 of 1st period - Snap shot by Mikkel Boedker.
4:27 of 1st period - Shot Blocked by Martin Samuelsson.
4:47 of 1st period - Martin Samuelsson is hit by Paul Stastny and loses puck.
6:15 of 1st period - Penalty to Valtteri Filppula is over, Valtteri Filppula is back on ice.
6:31 of 1st period - Icing by Maxim Talbot.
6:32 of 1st period - Nazem Kadri wins face-off versus Maxim Talbot in Avalanche zone.
6:41 of 1st period - Zach Parise is hit by Pernell Karl Subban and loses puck.
6:46 of 1st period - Wrist shot by Maxim Talbot.
6:46 of 1st period - Stopped by Maxime Daigneault without a rebound.
6:47 of 1st period - Bryan Little wins face-off versus Brad Richards in Coyotes zone.
7:00 of 1st period - Wrist shot by Mikkel Boedker.
7:00 of 1st period - Shot Misses the Net.
7:02 of 1st period - Slapshot by Marc Staal.
7:02 of 1st period - Stopped by Maxime Daigneault without a rebound.
7:03 of 1st period - Nazem Kadri wins face-off versus Paul Stastny in Coyotes zone.
7:05 of 1st period - Minor Penalty to Zach Parise for Holding.
7:06 of 1st period - Chad Larose wins face-off versus Bryan Little in Coyotes zone.
7:17 of 1st period - Double Minor Penalty to Erik Karlsson for Roughing.
7:18 of 1st period - Bryan Little wins face-off versus Brad Richards in Avalanche zone.
8:38 of 1st period - Snap shot by Alexander Radulov.
8:38 of 1st period - Stopped by Maxime Daigneault without a rebound.
8:39 of 1st period - Bryan Little wins face-off versus Nazem Kadri in Coyotes zone.
9:05 of 1st period - Penalty to Zach Parise is over, Zach Parise is back on ice.
9:07 of 1st period - Snap shot by Kristopher Letang.
9:07 of 1st period - Deflect By Zach Parise.
9:07 of 1st period - Deflect By Jack Johnson.
9:07 of 1st period - Stopped by Semyon Varlamov without a rebound.
9:08 of 1st period - Paul Stastny wins face-off versus Nazem Kadri in Avalanche zone.
9:19 of 1st period - Snap shot by Nazem Kadri.
9:19 of 1st period - Stopped by Semyon Varlamov without a rebound.
9:20 of 1st period - Brad Richards wins face-off versus Andrew Ladd in Avalanche zone.
9:55 of 1st period - Slapshot by Nazem Kadri.
9:55 of 1st period - Stopped by Semyon Varlamov without a rebound.
9:56 of 1st period - Nazem Kadri wins face-off versus Bryan Little in Avalanche zone.
10:09 of 1st period - Snap shot by Nazem Kadri.
10:09 of 1st period - Shot Blocked by Marc Staal.
11:17 of 1st period - Penalty to Erik Karlsson is over, Erik Karlsson is back on ice.
11:41 of 1st period - Pernell Karl Subban is hit by Anton Stralman.
11:45 of 1st period - Anton Stralman is hit by Marc Staal and loses puck.
12:08 of 1st period - Mikkel Boedker is hit by Michael Del Zotto and loses puck.
13:00 of 1st period - Alexander Radulov is hit by Zach Parise and loses puck.
13:07 of 1st period - Wrist shot by Nazem Kadri.
13:07 of 1st period - Shot Misses the Net.
13:09 of 1st period - Wrist shot by Marek Svatos.
13:09 of 1st period - Goal by Marek Svatos - Coyotes : 2 - Avalanche : 0.
13:10 of 1st period - Brad Richards wins face-off versus Bryan Little in neutral zone.
13:19 of 1st period - Wrist shot by Tyler Ennis.
13:19 of 1st period - Stopped by Semyon Varlamov with a rebound.
13:54 of 1st period - Icing by Alexander Radulov.
13:55 of 1st period - Paul Stastny wins face-off versus Brooks Laich in Avalanche zone.
14:10 of 1st period - Snap shot by Andrei Kostitsyn.
14:10 of 1st period - Stopped by Maxime Daigneault without a rebound.
14:11 of 1st period - Bryan Little wins face-off versus Brad Richards in Coyotes zone.
14:34 of 1st period - Minor Penalty to Mikkel Boedker for Holding.
14:35 of 1st period - Chuck Kobasew wins face-off versus Brad Richards in Avalanche zone.
15:27 of 1st period - Icing by Michael Del Zotto.
15:28 of 1st period - Brad Richards wins face-off versus Andrew Ladd in Coyotes zone.
16:34 of 1st period - Penalty to Mikkel Boedker is over, Mikkel Boedker is back on ice.
16:40 of 1st period - Snap shot by Chad Larose.
16:40 of 1st period - Deflect By Mikkel Boedker.
16:40 of 1st period - Stopped by Semyon Varlamov without a rebound.
16:41 of 1st period - Bryan Little wins face-off versus Brooks Laich in Avalanche zone.
16:47 of 1st period - Josh Gorges is hit by Johnny Boychuk and loses puck.
17:08 of 1st period - Greg Zanon is hit by Dan Boyle and loses puck.
17:29 of 1st period - Slapshot by Marian Gaborik.
17:29 of 1st period - Shot Blocked by Jack Johnson.
17:39 of 1st period - Slapshot by Andrew Ladd.
17:39 of 1st period - Shot Blocked by Brad Richards.
17:49 of 1st period - Kristopher Letang is hit by Patric Hornqvist.
18:11 of 1st period - Snap shot by Martin Samuelsson.
18:11 of 1st period - Shot Misses the Net.
18:37 of 1st period - Snap shot by Zach Parise.
18:37 of 1st period - Shot Blocked by Andrew Ladd.
18:39 of 1st period - Wrist shot by Nazem Kadri.
18:39 of 1st period - Stopped by Semyon Varlamov with a rebound.
18:53 of 1st period - Maxim Talbot is hit by Brad Richards and loses puck.
19:02 of 1st period - Wrist shot by Maxim Talbot.
19:02 of 1st period - Stopped by Maxime Daigneault without a rebound.
19:03 of 1st period - Nazem Kadri wins face-off versus Bryan Little in Coyotes zone.
19:09 of 1st period - Minor Penalty to Bryan Little for High sticking.
19:10 of 1st period - Andrew Ladd wins face-off versus Brad Richards in Avalanche zone.
19:18 of 1st period - Slapshot by Kristopher Letang.
19:18 of 1st period - Deflect By Tyler Ennis.
19:18 of 1st period - Stopped by Semyon Varlamov without a rebound.
19:19 of 1st period - Chuck Kobasew wins face-off versus Brad Richards in Avalanche zone.
19:28 of 1st period - Wrist shot by Jack Johnson.
19:28 of 1st period - Stopped by Maxime Daigneault with a rebound.
Goals for this period are 2 for Coyotes vs 0 for Avalanche.
Shots for this period are 10 for Coyotes vs 8 for Avalanche.

2nd period


0:01 of 2nd period - Brad Richards wins face-off versus Andrew Ladd in neutral zone.
0:04 of 2nd period - Anton Stralman is hit by Pernell Karl Subban and loses puck.
1:09 of 2nd period - Penalty to Bryan Little is over, Bryan Little is back on ice.
1:16 of 2nd period - Johnny Boychuk is hit by Anton Stralman and loses puck.
1:25 of 2nd period - Wrist shot by Martin Samuelsson.
1:25 of 2nd period - Stopped by Semyon Varlamov with a rebound.
1:27 of 2nd period - Slapshot by Josh Gorges.
1:27 of 2nd period - Stopped by Semyon Varlamov with a rebound.
1:54 of 2nd period - Mikkel Boedker is hit by Ryane Clowe.
2:15 of 2nd period - Double Minor Penalty to Pernell Karl Subban for Roughing.
2:16 of 2nd period - Andrew Ladd wins face-off versus Brad Richards in Avalanche zone.
2:23 of 2nd period - Wrist shot by Tyler Ennis.
2:23 of 2nd period - Shot Misses the Net.
2:25 of 2nd period - Slapshot by Anton Stralman.
2:25 of 2nd period - Stopped by Semyon Varlamov without a rebound.
2:26 of 2nd period - Andrew Ladd wins face-off versus Brad Richards in Avalanche zone.
2:39 of 2nd period - Snap shot by Chuck Kobasew.
2:39 of 2nd period - Shot Misses the Net.
2:51 of 2nd period - Snap shot by Nazem Kadri.
2:51 of 2nd period - Stopped by Semyon Varlamov with a rebound.
2:53 of 2nd period - Snap shot by Marek Svatos.
2:53 of 2nd period - Stopped by Semyon Varlamov with a rebound.
2:55 of 2nd period - Slapshot by Kristopher Letang.
2:55 of 2nd period - Shot Blocked by Marc Staal.
3:23 of 2nd period - Wrist shot by Nazem Kadri.
3:23 of 2nd period - Shot Blocked by Chuck Kobasew.
3:38 of 2nd period - Off-side.
3:39 of 2nd period - Bryan Little wins face-off versus Brad Richards in neutral zone.
3:44 of 2nd period - Wrist shot by Marian Gaborik.
3:44 of 2nd period - Stopped by Semyon Varlamov without a rebound.
3:45 of 2nd period - Andrew Ladd wins face-off versus Marian Gaborik in Avalanche zone.
4:11 of 2nd period - Minor Penalty to Michael Del Zotto for Holding.
4:12 of 2nd period - Bryan Little wins face-off versus Brad Richards in Coyotes zone.
4:14 of 2nd period - Slapshot by Mikkel Boedker.
4:14 of 2nd period - Stopped by Maxime Daigneault without a rebound.
4:15 of 2nd period - Bryan Little wins face-off versus Brad Richards in Coyotes zone.
4:43 of 2nd period - Icing by Bryan Little.
4:44 of 2nd period - Bryan Little wins face-off versus Brad Richards in Avalanche zone.
5:08 of 2nd period - Greg Zanon is hit by Paul Stastny and loses puck.
6:10 of 2nd period - Andrew Ladd is hit by Zach Parise and loses puck.
6:11 of 2nd period - Penalty to Michael Del Zotto is over, Michael Del Zotto is back on ice.
6:15 of 2nd period - Penalty to Pernell Karl Subban is over, Pernell Karl Subban is back on ice.
6:49 of 2nd period - Slapshot by Anton Stralman.
6:49 of 2nd period - Shot Misses the Net.
7:25 of 2nd period - Snap shot by Anton Stralman.
7:25 of 2nd period - Stopped by Semyon Varlamov without a rebound.
7:26 of 2nd period - Paul Stastny wins face-off versus Nazem Kadri in Avalanche zone.
7:26 of 2nd period - Paul Stastny is hit by Nazem Kadri.
7:32 of 2nd period - Michael Del Zotto is hit by Paul Stastny and loses puck.
8:38 of 2nd period - Snap shot by Chris Stewart.
8:38 of 2nd period - Stopped by Semyon Varlamov with a rebound.
8:40 of 2nd period - Slapshot by Greg Zanon.
8:40 of 2nd period - Stopped by Semyon Varlamov without a rebound.
8:41 of 2nd period - Valtteri Filppula wins face-off versus Bryan Little in Avalanche zone.
8:48 of 2nd period - Slapshot by Michael Del Zotto.
8:48 of 2nd period - Stopped by Semyon Varlamov with a rebound.
8:50 of 2nd period - Slapshot by Michael Del Zotto.
8:50 of 2nd period - Stopped by Semyon Varlamov with a rebound.
8:52 of 2nd period - Snap shot by Ryane Clowe.
8:52 of 2nd period - Shot Misses the Net.
8:54 of 2nd period - Wrist shot by Michael Del Zotto.
8:54 of 2nd period - Deflect By Ryane Clowe.
8:54 of 2nd period - Shot Misses the Net.
8:54 of 2nd period - Puck is out of play.
8:55 of 2nd period - Bryan Little wins face-off versus Brad Richards in Avalanche zone.
9:01 of 2nd period - Off-side.
9:02 of 2nd period - Brad Richards wins face-off versus Bryan Little in neutral zone.
9:21 of 2nd period - Wrist shot by Tyler Ennis.
9:21 of 2nd period - Shot Misses the Net.
9:23 of 2nd period - Wrist shot by Brad Richards.
9:23 of 2nd period - Stopped by Semyon Varlamov without a rebound.
9:24 of 2nd period - Nazem Kadri wins face-off versus Paul Stastny in Avalanche zone.
9:39 of 2nd period - Slapshot by Nazem Kadri.
9:39 of 2nd period - Shot Misses the Net.
9:41 of 2nd period - Slapshot by Marek Svatos.
9:41 of 2nd period - Shot Misses the Net.
10:00 of 2nd period - Wrist shot by Paul Stastny.
10:00 of 2nd period - Stopped by Maxime Daigneault without a rebound.
10:01 of 2nd period - Bryan Little wins face-off versus Nazem Kadri in Coyotes zone.
10:02 of 2nd period - Wrist shot by Mikkel Boedker.
10:02 of 2nd period - Shot Misses the Net.
10:05 of 2nd period - Icing by Greg Zanon.
10:06 of 2nd period - Nazem Kadri wins face-off versus Bryan Little in Coyotes zone.
10:11 of 2nd period - Slapshot by Josh Gorges.
10:11 of 2nd period - Stopped by Semyon Varlamov without a rebound.
10:12 of 2nd period - Marian Gaborik wins face-off versus Andrei Kostitsyn in Avalanche zone.
10:50 of 2nd period - Wrist shot by Bryan Little.
10:50 of 2nd period - Shot Misses the Net.
10:52 of 2nd period - Slapshot by Bryan Little.
10:52 of 2nd period - Shot Misses the Net.
11:53 of 2nd period - Slapshot by Zach Parise.
11:53 of 2nd period - Shot Misses the Net.
12:00 of 2nd period - Off-side.
12:01 of 2nd period - Brad Richards wins face-off versus Maxim Talbot in neutral zone.
12:04 of 2nd period - Wrist shot by Tyler Ennis.
12:04 of 2nd period - Stopped by Semyon Varlamov with a rebound.
12:43 of 2nd period - Snap shot by Damien Brunner.
12:43 of 2nd period - Stopped by Maxime Daigneault without a rebound.
12:44 of 2nd period - Brad Richards wins face-off versus Alexander Radulov in Coyotes zone.
13:10 of 2nd period - Alexander Sulzer is hit by Dan Boyle and loses puck.
13:34 of 2nd period - Patric Hornqvist is hit by Valtteri Filppula and loses puck.
13:49 of 2nd period - Chuck Kobasew is hit by Tyler Ennis and loses puck.
14:10 of 2nd period - Maxim Talbot is hit by Brooks Laich and loses puck.
14:57 of 2nd period - Kristopher Letang is hit by Paul Stastny and loses puck.
15:26 of 2nd period - Paul Stastny is hit by Ryane Clowe and loses puck.
16:18 of 2nd period - Minor Penalty to Brooks Laich for Interference.
16:19 of 2nd period - Chad Larose wins face-off versus Bryan Little in Coyotes zone.
16:47 of 2nd period - Off-side.
16:48 of 2nd period - Paul Stastny wins face-off versus Chad Larose in neutral zone.
17:01 of 2nd period - Slapshot by Dan Boyle.
17:01 of 2nd period - Stopped by Maxime Daigneault without a rebound.
17:02 of 2nd period - Chad Larose wins face-off versus Bryan Little in Coyotes zone.
17:17 of 2nd period - Josh Gorges is hit by Alexander Radulov and loses puck.
17:26 of 2nd period - Slapshot by Paul Stastny.
17:26 of 2nd period - Shot Blocked by Josh Gorges.
18:18 of 2nd period - Penalty to Brooks Laich is over, Brooks Laich is back on ice.
18:52 of 2nd period - Jack Johnson is hit by Kristopher Letang and loses puck.
19:05 of 2nd period - Snap shot by Alexander Radulov.
19:05 of 2nd period - Shot Misses the Net.
19:59 of 2nd period - Chuck Kobasew is hit by Martin Samuelsson and loses puck.
Goals for this period are 0 for Coyotes vs 0 for Avalanche.
Shots for this period are 14 for Coyotes vs 4 for Avalanche.

3rd period


0:01 of 3rd period - Brad Richards wins face-off versus Bryan Little in neutral zone.
0:26 of 3rd period - Pernell Karl Subban is hit by Anton Stralman and loses puck.
0:53 of 3rd period - Maxim Talbot is hit by Martin Samuelsson and loses puck.
1:10 of 3rd period - Ryane Clowe is hit by Patric Hornqvist and loses puck.
1:43 of 3rd period - Snap shot by Brad Richards.
1:43 of 3rd period - Stopped by Semyon Varlamov with a rebound.
2:19 of 3rd period - Wrist shot by Maxim Talbot.
2:19 of 3rd period - Shot Misses the Net.
2:21 of 3rd period - Snap shot by Maxim Talbot.
2:21 of 3rd period - Shot Blocked by Chad Larose.
2:33 of 3rd period - Valtteri Filppula is hit by Alexander Radulov and loses puck.
2:47 of 3rd period - Icing by Patric Hornqvist.
2:48 of 3rd period - Bryan Little wins face-off versus Brad Richards in Avalanche zone.
3:28 of 3rd period - Wrist shot by Mikkel Boedker.
3:28 of 3rd period - Goal by Mikkel Boedker - Coyotes : 2 - Avalanche : 1.
3:29 of 3rd period - Paul Stastny wins face-off versus Nazem Kadri in neutral zone.
3:32 of 3rd period - Slapshot by Pernell Karl Subban.
3:32 of 3rd period - Deflect By Andrei Kostitsyn.
3:32 of 3rd period - Stopped by Maxime Daigneault without a rebound.
3:33 of 3rd period - Nazem Kadri wins face-off versus Alexander Radulov in Coyotes zone.
3:33 of 3rd period - Nazem Kadri is hit by Andrei Kostitsyn.
4:00 of 3rd period - Off-side.
4:01 of 3rd period - Brad Richards wins face-off versus Bryan Little in neutral zone.
4:44 of 3rd period - Snap shot by Bryan Little.
4:44 of 3rd period - Stopped by Maxime Daigneault with a rebound.
4:46 of 3rd period - Slapshot by Erik Karlsson.
4:46 of 3rd period - Stopped by Maxime Daigneault with a rebound.
4:48 of 3rd period - Snap shot by Erik Karlsson.
4:48 of 3rd period - Shot Blocked by Tyler Ennis.
4:50 of 3rd period - Snap shot by Erik Karlsson.
4:50 of 3rd period - Stopped by Maxime Daigneault without a rebound.
4:51 of 3rd period - Nazem Kadri wins face-off versus Paul Stastny in Coyotes zone.
5:18 of 3rd period - Slapshot by Anton Stralman.
5:18 of 3rd period - Shot Blocked by Alexander Radulov.
5:28 of 3rd period - Kristopher Letang is hit by Pernell Karl Subban and loses puck.
5:33 of 3rd period - Slapshot by Andrei Kostitsyn.
5:33 of 3rd period - Stopped by Maxime Daigneault without a rebound.
5:34 of 3rd period - Maxim Talbot wins face-off versus Nazem Kadri in Coyotes zone.
5:47 of 3rd period - Snap shot by Maxim Talbot.
5:47 of 3rd period - Stopped by Maxime Daigneault without a rebound.
5:48 of 3rd period - Brad Richards wins face-off versus Bryan Little in Coyotes zone.
5:48 of 3rd period - Brad Richards is hit by Johnny Boychuk.
5:51 of 3rd period - Minor Penalty to Anton Stralman for Hooking.
5:52 of 3rd period - Bryan Little wins face-off versus Chad Larose in Coyotes zone.
5:55 of 3rd period - Minor Penalty to Jack Johnson for Holding.
5:56 of 3rd period - Brad Richards wins face-off versus Bryan Little in Avalanche zone.
6:00 of 3rd period - Snap shot by Marian Gaborik.
6:00 of 3rd period - Goal by Marian Gaborik - Coyotes : 3 - Avalanche : 1.
6:01 of 3rd period - Brad Richards wins face-off versus Bryan Little in neutral zone.
6:50 of 3rd period - Slapshot by Andrei Kostitsyn.
6:50 of 3rd period - Stopped by Maxime Daigneault without a rebound.
6:51 of 3rd period - Bryan Little wins face-off versus Brad Richards in Coyotes zone.
7:45 of 3rd period - Icing by Josh Gorges.
7:46 of 3rd period - Brad Richards wins face-off versus Andrew Ladd in Coyotes zone.
7:51 of 3rd period - Penalty to Anton Stralman is over, Anton Stralman is back on ice.
7:55 of 3rd period - Penalty to Jack Johnson is over, Jack Johnson is back on ice.
8:25 of 3rd period - Slapshot by Martin Samuelsson.
8:25 of 3rd period - Shot Blocked by Paul Stastny.
8:35 of 3rd period - Slapshot by Marc Staal.
8:35 of 3rd period - Stopped by Maxime Daigneault with a rebound.
8:41 of 3rd period - Mikkel Boedker is hit by Alexander Sulzer and loses puck.
9:03 of 3rd period - Snap shot by Maxim Talbot.
9:03 of 3rd period - Shot Misses the Net.
10:02 of 3rd period - Slapshot by Marian Gaborik.
10:02 of 3rd period - Stopped by Semyon Varlamov with a rebound.
10:04 of 3rd period - Slapshot by Brad Richards.
10:04 of 3rd period - Stopped by Semyon Varlamov without a rebound.
10:05 of 3rd period - Nazem Kadri wins face-off versus Bryan Little in Avalanche zone.
10:40 of 3rd period - Slapshot by Jack Johnson.
10:40 of 3rd period - Deflect By Andrew Ladd.
10:40 of 3rd period - Stopped by Maxime Daigneault with a rebound.
10:42 of 3rd period - Snap shot by Maxim Talbot.
10:42 of 3rd period - Goal by Maxim Talbot - Coyotes : 3 - Avalanche : 2.
10:43 of 3rd period - Paul Stastny wins face-off versus Brad Richards in neutral zone.
11:21 of 3rd period - Snap shot by Patric Hornqvist.
11:21 of 3rd period - Stopped by Maxime Daigneault with a rebound.
11:50 of 3rd period - Ville Leino is hit by Anton Stralman and loses puck.
11:56 of 3rd period - Minor Penalty to Paul Stastny for Holding.
11:57 of 3rd period - Andrew Ladd wins face-off versus Brad Richards in Avalanche zone.
12:09 of 3rd period - Snap shot by Tyler Ennis.
12:09 of 3rd period - Stopped by Semyon Varlamov with a rebound.
12:11 of 3rd period - Slapshot by Michael Del Zotto.
12:11 of 3rd period - Shot Misses the Net.
12:13 of 3rd period - Slapshot by Josh Gorges.
12:13 of 3rd period - Shot Misses the Net.
13:56 of 3rd period - Penalty to Paul Stastny is over, Paul Stastny is back on ice.
14:28 of 3rd period - Wrist shot by Chad Larose.
14:28 of 3rd period - Goal by Chad Larose - Coyotes : 4 - Avalanche : 2.
14:29 of 3rd period - Brad Richards wins face-off versus Paul Stastny in neutral zone.
14:29 of 3rd period - Brad Richards is hit by Alexander Radulov.
14:46 of 3rd period - Minor Penalty to Paul Stastny for Cross-checking.
14:47 of 3rd period - Andrew Ladd wins face-off versus Brad Richards in Avalanche zone.
15:17 of 3rd period - Wrist shot by Zach Parise.
15:17 of 3rd period - Stopped by Semyon Varlamov with a rebound.
16:46 of 3rd period - Penalty to Paul Stastny is over, Paul Stastny is back on ice.
16:57 of 3rd period - Kristopher Letang is hit by Paul Stastny and loses puck.
17:04 of 3rd period - Snap shot by Chad Larose.
17:04 of 3rd period - Goal by Chad Larose - Coyotes : 5 - Avalanche : 2.
17:05 of 3rd period - Bryan Little wins face-off versus Brad Richards in neutral zone.
17:58 of 3rd period - Minor Penalty to Andrew Ladd for Goalie Interference.
17:59 of 3rd period - Damien Brunner wins face-off versus Brad Richards in Avalanche zone.
18:19 of 3rd period - Marc Staal is hit by Tyler Ennis and loses puck.
19:24 of 3rd period - Minor Penalty to Andrei Kostitsyn for Delaying the game.
19:25 of 3rd period - Brad Richards wins face-off versus Chuck Kobasew in Avalanche zone.
19:45 of 3rd period - Marc Staal is hit by Tyler Ennis and loses puck.
19:58 of 3rd period - Penalty to Andrew Ladd is over, Andrew Ladd is back on ice.
Goals for this period are 3 for Coyotes vs 2 for Avalanche.
Shots for this period are 8 for Coyotes vs 12 for Avalanche.